 Dungeon Crawl Stone Soup version 0.21-a0-82-gdb84782 (webtiles) character file.

931 Ordine the Cleaver (level 7, -4/67 HPs)
             Began as a Deep Dwarf Fighter on June 24, 2017.
             Killed by nerve-wracking pain
             ... invoked by an orc priest
              (12 damage)
             ... on level 5 of the Dungeon.
             The game lasted 00:11:27 (3029 turns).

Ordine the Cleaver (Deep Dwarf Fighter)             Turns: 3029, Time: 00:11:28

Health: -4/67      AC: 11    Str: 19    XL:     7   Next: 86%
Magic:  5/5        EV:  7    Int: 10    God:
Gold:   266        SH:  9    Dex: 13    Spells: 6/6 levels left

rFire    . . .     SeeInvis .   a - +1 war axe
rCold    . . .     Gourm    .   c - +0 shield
rNeg     . . .     Faith    .   b - +0 scale mail
rPois    .         Spirit   .   q - +1 hat
rElec    .         Reflect  .   o - +1 cloak
rCorr    .         Harm     .   u - +0 pair of gloves
MR       +....                  (no boots)
Stlth    ..........             (no amulet)
HPRegen  0.00/turn              (no ring)
MPRegen  0.09/turn              (no ring)

@: non-regenerating
A: damage resistance, heal wounds, sense surroundings 1, no regeneration
a: Heal Wounds


You were on level 5 of the Dungeon.
You were not hungry.

You visited 1 branch of the dungeon, and saw 5 of its levels.

You collected 266 gold pieces.

Inventory:

Hand Weapons
 a - a +1 war axe (weapon)
Armour
 b - a +0 scale mail (worn)
 c - a +0 shield (worn)
 o - a +1 cloak (worn)
 q - a +1 hat (worn)
 u - a +0 pair of gloves (worn)
Jewellery
 j - an uncursed ring of protection from magic {unknown}
Wands
 s - a wand of flame (20/48)
Scrolls
 m - 2 scrolls of teleportation
 n - a scroll of recharging
Potions
 d - a potion of berserk rage {unknown}
 e - a potion of ambrosia
 h - 2 potions of curing
 i - 3 potions of invisibility {unknown}
 k - 2 potions of mutation {unknown}
 l - 3 potions of brilliance {unknown}
 r - a potion of heal wounds {unknown}
Comestibles
 f - 5 bread rations
 g - 5 chunks of flesh
 v - 2 royal jellies


   Skills:
 + Level 5.4 Fighting
 * Level 8.3 Axes
 - Level 3.2 Armour
 - Level 3.2 Shields


You had 6 spell levels left.
You didn't know any spells.

Dungeon Overview and Level Annotations

Branches:
Dungeon (5/15)
 Temple: D:4-7

Altars:
Cheibriados
Elyvilon
Gozag
Kikubaaqudgha
Okawaru
Trog
Wu Jian


Innate Abilities, Weirdness & Mutations

You are resistant to damage.
You can heal yourself by infusing magical energy.
You passively map a small area around you.
You do not regenerate.


Message History

The orc warrior hits you with a long sword!
The orc priest mumbles some strange prayers to Beogh against you.
Beogh smites you!
You slash the orc warrior!
The orc warrior is heavily wounded.
You slash the orc priest! You block the orc warrior's attack.
The orc priest hits you.
You slash the orc warrior!
The orc warrior is almost dead.
You barely miss the orc priest. You block the orc warrior's attack.
The orc priest hits you but does no damage.
You barely miss the orc warrior.
The orc warrior is almost dead.
You hit the orc priest.
The orc priest hits you but does no damage.
The orc warrior hits you with a long sword!!
* * * LOW HITPOINT WARNING * * *
The orc priest invokes the aid of Beogh against you.
Pain shoots through your body!
You die...

# #......... , , ,.#.,
#........ , * ....
##........ , ,....##*
##......... ,
.....######.......... , .
#<.......#.##...... ,...
##......#.##....(#
.....###.#.####...#..)#.#
......)o@.## ##..#..#..#
* .......o.## ########.#
* ......#..# ###
..######## . * * *


You could see an orc warrior and an orc priest.

Vanquished Creatures
  The ghost of BearDestroyer the Chopper, an amateur DrBe of Trog (D:3)
  A water moccasin (D:5)
  2 centaurs
  A scorpion (D:5)
  2 hounds (D:4)
  A jelly (D:5)
  An iguana (D:4)
  Natasha (thrice) (D:3)
  2 orc wizards
  2 worker ants
  2 hound skeletons
  Robin (D:4)
  4 adders
  An ooze (D:5)
  An adder skeleton (D:4)
  3 worms
  2 dart slugs (D:1)
  6 leopard geckos
  11 orcs
  2 ball pythons
  2 giant cockroaches
  18 goblins
  8 hobgoblins
  14 kobolds
  A quokka (D:4)
  4 bats (D:1)
  3 frilled lizards
  A leopard gecko skeleton (D:4)
  8 rats
108 creatures vanquished.

Notes
Turn   | Place    | Note
-------+----------+-------------------------------------------
     0 | D:1      | Ordine the Deep Dwarf Fighter began the quest for the Orb.
     0 | D:1      | Reached XP level 1. HP: 20/20 MP: 1/1
   109 | D:1      | Reached XP level 2. HP: 21/27 MP: 2/2
   120 | D:1      | Reached skill level 3 in Axes
   230 | D:1      | Reached XP level 3. HP: 20/34 MP: 3/3
   740 | D:2      | Reached skill level 4 in Axes
   992 | D:2      | Reached XP level 4. HP: 13/42 MP: 4/4
  1374 | D:3      | Noticed BearDestroyer's ghost (amateur DrBe)
  1385 | D:3      | Killed BearDestroyer's ghost
  1385 | D:3      | Reached skill level 5 in Axes
  1385 | D:3      | Reached XP level 5. HP: 13/50 MP: 5/5
  1444 | D:3      | Noticed Natasha
  1452 | D:3      | Killed Natasha
  1538 | D:3      | Noticed Natasha
  1554 | D:3      | Killed Natasha
  1564 | D:3      | Found an ancient bone altar of Kikubaaqudgha.
  1564 | D:3      | Found a snail-covered altar of Cheibriados.
  1564 | D:3      | Found an iron altar of Okawaru.
  1575 | D:3      | Reached XP level 6. HP: 13/57 MP: 6/6
  1621 | D:3      | Noticed Natasha
  1631 | D:3      | Killed Natasha
  1631 | D:3      | Reached skill level 6 in Axes
  1890 | D:3      | Found a bloodstained altar of Trog.
  2056 | D:3      | Found a white marble altar of Elyvilon.
  2466 | D:4      | Noticed Robin
  2488 | D:4      | Killed Robin
  2506 | D:4      | Reached XP level 7. HP: 27/66 MP: 7/7
  2542 | D:4      | Reached skill level 7 in Axes
  2643 | D:4      | Found an ornate altar of the Wu Jian Council.
  2803 | D:5      | Entered Level 5 of the Dungeon
  2821 | D:5      | Reached skill level 5 in Fighting
  2889 | D:5      | Found an opulent altar of Gozag.
  2986 | D:5      | Reached skill level 8 in Axes
  3029 | D:5      | Killed from afar by an orc priest

Vault maps used:
D:1:      roderic_dead_forest, minmay_pentomino_r2
D:2:      first_bread, minmay_hedge_maze, minivault_4
D:3:      lemuel_round_altar, gammafunk_temple_overflow_forgotten,
          trog_hazing_becter, uniq_natasha
D:4:      nicolae_overflow_crystal_walls, wad_rectangle_vault, uniq_robin
D:5:      vehumet_statue, lemuel_crystal_altar, serial_shops,
          nicolae_shop_crystal, grunt_gozag_breadcrumbs, uniq_menkaure,
          uniq_ijyb

Skill      XL: |  1  2  3  4  5  6  7 |
---------------+----------------------+-----
Axes           | 3 4 5 6 8 |  8.3
Fighting       | 3 4 5 |  5.4
Armour         | |  3.2
Shields        | |  3.2

Action                   |  1- 3 |  4- 6 |  7- 9 || total
-------------------------+-------+-------+-------++-------
Melee: War axe           |   111 |   186 |    78 ||   375
 Abil: Heal Wounds       |       |     4 |     2 ||     6
  Use: Scroll            |     6 |     3 |       ||     9
       Potion            |       |     2 |       ||     2
  Eat: Chunk             |       |     6 |     2 ||     8
Armor: Scale mail        |    67 |    73 |    44 ||   184
Dodge: Dodged            |    44 |    48 |    22 ||   114
Block: Shield            |    57 |    69 |    33 ||   159
